 Dungeon Crawl Stone Soup version 0.18-a0-1577-gf591c28 (webtiles) character file.

459 ololoev the Conjurer (level 6, 1/32 HPs)
             Began as a Deep Elf Fire Elementalist on Mar 22, 2016.
             Was an Initiate of Vehumet.
             Quit the game on level 7 of the Dungeon.
             The game lasted 00:09:53 (1058 turns).

ololoev the Conjurer (Deep Elf Fire Elementalist)   Turns: 1058, Time: 00:09:54

Health: 1/32       AC:  2    Str:  3    XL:     6   Next: 78%
Magic:  5/15       EV: 13    Int: 22    God:    Vehumet [......]
Gold:   84         SH:  0    Dex: 17    Spells: 4 memorised, 4 levels left

rFire  . . .     SeeInvis .     i - +1 spear (pierce)
rCold  . . .     Gourm    +     a - +0 robe
rNeg   . . .     Faith    .     (no shield)
rPois  .         Spirit   .     (no helmet)
rElec  .         Dismiss  .     (no cloak)
rCorr  .         Reflect  .     (no gloves)
SustAt .         Harm     .     (no boots)
MR     .....                    g - amulet of the gourmand
Stlth  +++.......               (no ring)
                                o - +3 ring of slaying

@: not resistant to hostile enchantments, fairly stealthy
A: claws 1, thin skeletal structure 1, weak 1
a: Renounce Religion


Innate Abilities, Weirdness & Mutations

You have sharp fingernails.
You have a somewhat thin skeletal structure (Dex +2, Stealth).
You are weak. (Str -2)

Inventory:

Hand Weapons
 i - a +1 spear of piercing (weapon)
Armour
 a - a +0 robe (worn)
Jewellery
 g - an amulet of the gourmand (around neck)
 o - a +3 ring of slaying (left claw)
Wands
 j - a wand of confusion (20/48)
Scrolls
 d - a scroll of random uselessness {unknown}
 e - a scroll of enchant armour {unknown}
 h - a scroll of fog {unknown}
 m - a scroll of teleportation {unknown}
Books
 b - a book of Flames

   Spells                             Type                      Level
   a - Flame Tongue                   Conjuration/Fire             1
   b - Throw Flame                    Conjuration/Fire             2
   c - Conjure Flame                  Conjuration/Fire             3
   d - Inner Flame                    Hexes/Fire                   3
   e - Sticky Flame                   Conjuration/Fire             4
   f - Fireball                       Conjuration/Fire             5
Comestibles
 c - 3 bread rations
 f - a slice of pizza
 k - 2 chunks of flesh


   Skills:
 - Level 2.4 Dodging
 - Level 2.4 Stealth
 + Level 5.2 Spellcasting
 * Level 5.6 Conjurations
 + Level 5.1 Fire Magic


You had 4 spell levels left.
You knew the following spells:

 Your Spells              Type           Power        Failure   Level  Hunger
a - Flame Tongue          Conj/Fire      ####.        1%          1    None
b - Conjure Flame         Conj/Fire      ####....     3%          3    ##.....
c - Sticky Flame          Conj/Fire      ####....     12%         4    ####...
e - Inner Flame           Hex/Fire       ###.....     12%         3    ##.....


You were on level 7 of the Dungeon.
You worshipped Vehumet.
Vehumet was noncommittal.
You were very hungry.

You visited 2 branches of the dungeon, and saw 8 of its levels.

You collected 84 gold pieces.

#### ######..##### .
#...#<......###### ...
..........#....>.##.....
................@Z†.....
...............#####....
.....).....###.###### .
...........###..)...###
....#....#..#######...##..
.####.#####..##
#.......... . #.#
####..###.#........ #.#
#.............####. ..#
#.#####........#

Notes
Turn   | Place    | Note
--------------------------------------------------------------
     0 | D:1      | ololoev the Deep Elf Fire Elementalist began the quest for the Orb.
     0 | D:1      | Reached XP level 1. HP: 10/10 MP: 6/6
    76 | D:2      | Reached XP level 2. HP: 15/15 MP: 5/8
   191 | D:4      | Reached XP level 3. HP: 13/19 MP: 4/9
   200 | D:4      | Learned a level 3 spell: Conjure Flame
   204 | D:4      | Learned a level 3 spell: Inner Flame
   251 | D:5      | Entered Level 5 of the Dungeon
   292 | D:4      | Found a staircase to the Ecumenical Temple.
   420 | D:5      | Noticed a scorpion
   437 | D:5      | Killed a scorpion
   437 | D:5      | Reached XP level 4. HP: 24/24 MP: 2/11
   532 | D:5      | Found a blossoming altar of Fedhas.
   578 | D:5      | Learned a level 4 spell: Sticky Flame
   657 | D:5      | Reached XP level 5. HP: 28/28 MP: 1/13
   742 | Temple   | Entered the Ecumenical Temple
   816 | Temple   | Became a worshipper of Vehumet
   927 | D:6      | jacquesderrida: LOLER
   985 | D:7      | Noticed a centaur
   991 | D:7      | HP: 1/28 [giant frog (4)]
   992 | D:7      | Reached XP level 6. HP: 2/32 MP: 5/15
   993 | D:7      | Gained mutation: You are weak. (Str -2) [potion of mutation]
   993 | D:7      | Gained mutation: You have sharp fingernails. [potion of mutation]
   993 | D:7      | Gained mutation: You have a somewhat thin skeletal structure (Dex +2, Stealth). [potion of mutation]
  1006 | D:7      | Reached skill level 5 in Conjurations
  1025 | D:7      | Reached skill level 5 in Spellcasting
  1036 | D:7      | Reached skill level 5 in Fire Magic
  1057 | D:7      | HP: 1/32 [giant frog skeleton (2)]
  1058 | D:7      | Quit the game

Dungeon Overview and Level Annotations

Branches:
Dungeon (7/15)             Temple (1/1) D:4

Altars:
Dithmenos
Elyvilon
Fedhas
Gozag
Vehumet
Zin
The Shining One


Message History

Attack whom?
Press: ? - help, Dir - move target cursor, f/p - worker ant
Aim: a worker ant (moderately wounded)
You hit the worker ant.
The worker ant is heavily wounded.
The worker ant bites you. The worker ant misses you.
Attack whom?
Press: ? - help, Dir - move target cursor, f/p - worker ant
Aim: a worker ant (heavily wounded)
You hit the worker ant but do no damage.
The worker ant is heavily wounded.
The worker ant misses you.
Attack whom?
Press: ? - help, Dir - move target cursor, f/p - worker ant
Aim: a worker ant (heavily wounded)
You hit the worker ant.
The worker ant is severely wounded.
The worker ant completely misses you.
Attack whom?
Press: ? - help, Dir - move target cursor, f/p - worker ant
Aim: a worker ant (severely wounded)
You barely miss the worker ant.
The worker ant is severely wounded.
The worker ant bites you but does no damage.
Attack whom?
Press: ? - help, Dir - move target cursor, f/p - worker ant
Aim: a worker ant (severely wounded)
You hit the worker ant.
The worker ant is almost dead.
The worker ant misses you. The worker ant closely misses you.
Attack whom?
Press: ? - help, Dir - move target cursor, f/p - worker ant
Aim: a worker ant (almost dead)
You hit the worker ant.
You kill the worker ant!
Vehumet accepts your kill.
Attack whom?
Press: ? - help, Dir - move target cursor, f - worker ant zombie
Aim: a worker ant zombie You completely miss the worker ant zombie.
The worker ant zombie closely misses you.
Attack whom?
Press: ? - help, Dir - move target cursor, f/p - worker ant zombie
Aim: a worker ant zombie You hit the worker ant zombie.
The worker ant zombie bites you.
Attack whom?
Press: ? - help, Dir - move target cursor, f/p - worker ant zombie
Aim: a worker ant zombie You hit the worker ant zombie.
The worker ant zombie closely misses you.
Attack whom?
Press: ? - help, Dir - move target cursor, f/p - worker ant zombie
Aim: a worker ant zombie You hit the worker ant zombie.
The worker ant zombie misses you.
Attack whom?
Press: ? - help, Dir - move target cursor, f/p - worker ant zombie
Aim: a worker ant zombie You hit the worker ant zombie but do no damage.
The worker ant zombie bites you.
The worker ant zombie barely misses you.
Attack whom?
Press: ? - help, Dir - move target cursor, f/p - worker ant zombie
Aim: a worker ant zombie You hit the worker ant zombie.
The worker ant zombie bites you but does no damage.
Attack whom?
Press: ? - help, Dir - move target cursor, f/p - worker ant zombie
Aim: a worker ant zombie You puncture the worker ant zombie!
You destroy the worker ant zombie!
Vehumet accepts your kill.
The giant frog skeleton closely misses you.
Attack whom?
Press: ? - help, Dir - move target cursor, f - giant frog skeleton
Aim: a giant frog skeleton You hit the giant frog skeleton.
The giant frog skeleton hits you.
Unknown command.
Assign waypoint to what number? (0-9)
Okay, then.
Are you sure you want to abandon this character and quit the game? (Confirm with "yes".)

You could see a giant frog skeleton.

Vanquished Creatures
  A centaur (D:7)
  A giant frog (D:7)
  A scorpion (D:5)
  A crimson imp (D:7)
  3 hounds
  An orc wizard (D:4)
  3 worker ants
  A worker ant zombie (D:7)
  An adder (D:2)
  A shadow imp (D:7)
  A giant gecko (D:5)
  4 orcs
  A giant cockroach (D:4)
  2 goblins (D:2)
  2 hobgoblins
  A bat (D:2)
  A giant newt (D:5)
26 creatures vanquished.

Action                   |  1- 3 |  4- 6 || total
-------------------------+-------+-------++-------
Melee: Unarmed           |     1 |       ||     1
       Spear             |    14 |    71 ||    85
 Cast: Flame Tongue      |    23 |    13 ||    36
       Conjure Flame     |     1 |     5 ||     6
       Sticky Flame      |       |     2 ||     2
  Use: Potion            |     2 |     3 ||     5
 Stab: Sleeping          |       |     2 ||     2

Vault maps used:
D:1:      erik_arrival_blinker_ship, serial_park_tiny_1,
          minmay_misc_feat_encased, lemuel_flame_loot_1
D:2:      grunt_pakellas_basics, minivault_24, uniq_natasha, uniq_robin
D:3:      old_standard_altar, uniq_crazy_yiuf_cottage, uniq_terence, uniq_iyjb
D:4:      nicolae_overflow_hidden_temple, minmay_temple_entry_from_below_a,
          first_bread
D:5:      led_sif_pool, fedhas_altar_2, uniq_menkaure
D:6:      grunt_temple_overflow_open
D:7:      grunt_livestock, vehumet_altar_wand_db
Temple:   temple_of_Zot_orb
